 Dungeon Crawl Stone Soup version 0.28-a0-580-ga2639ab843 (webtiles) character file.

Game seed: 8903420851971682438

19989 bjtr the Destroyer (level 12, 0/96 HPs)
             Began as a Demigod Conjurer on Oct 2, 2021.
             Slain by a howler monkey (1 damage)
             ... while petrified by Jorgrun
             ... on level 13 of the Dungeon.
             The game lasted 01:35:57 (19027 turns).

bjtr the Destroyer (Demigod Conjurer)              Turns: 19027, Time: 01:35:58

Health: 0/96       AC: 22    Str:  4    XL:     12   Next: 13%
Magic:  29/29      EV:  2    Int: 36    God:
Gold:   484        SH:  0    Dex: 19    Spells: 6/28 levels left

rFire   + . .      SeeInvis .   a - +8 Vampire's Tooth {vamp}
rCold   + . .      Faith    .   E - +0 buckler
rNeg    + + +      Spirit   .   G - +1 swamp dragon scales
rPois   ∞          Reflect  +   W - +0 helmet
rElec   +          Harm     .   r - +2 cloak
rCorr   .          Rampage  .   h - +2 pair of gloves
Will    +....                   U - +2 pair of boots
Stlth   +++.......              y - amulet of reflection
HPRegen 0.26/turn               k - ring of protection from fire
MPRegen 0.21/turn               V - ring "Siexets" {rElec rC+ Str-4 Dex+7 Stlth+}

@: petrified
A: high mp 1, forlorn
a: no special abilities


You were on level 13 of the Dungeon.
You visited 1 branch of the dungeon, and saw 13 of its levels.
You also visited: Bailey.

You collected 584 gold pieces.
You spent 100 gold pieces at shops.

Inventory:

Hand Weapons
 a - the +8 Vampire's Tooth (weapon) {vamp}
   (You acquired it on level 5 of the Dungeon)

   It occasionally heals its wielder for the full amount of damage dealt when it
   wounds a living foe.
 b - a +2 hand crossbow of chaos
 c - a +0 hunting sling
 j - a +5 quarterstaff of chaos
 m - a +3 arbalest
 w - a +1 mace of protection
 F - a +2 scimitar of flaming
 L - the +1 long sword "Yreisk" {freeze, rF+}
   (You found it on level 5 of the Dungeon)

   It freezes those it strikes, dealing additional cold damage.
   It can also slow down cold-blooded creatures.
   rF:        It protects you from fire.
 M - a +4 great sword
 P - a +3 halberd
 Q - the +4 trident "Fuxa" {elec, Drain rElec rN+ Int+3}
   (You found it on level 8 of the Dungeon)

   It occasionally discharges a powerful burst of electricity upon striking a
   foe.
   Int:       It affects your intelligence (+3).
   rElec:     It insulates you from electricity.
   rN:        It protects you from negative energy.
   Drain:     It drains your maximum health when unequipped.
 T - a +2 war axe of freezing
Missiles
 d - 52 sling bullets
 u - 5 atropa-tipped darts
 v - 335 bolts
 O - 70 poisoned darts
Armour
 h - a +2 pair of gloves (worn)
 l - a +3 leather armour of cold resistance
 r - a +2 cloak (worn)
 x - a +0 troll leather armour
 E - a +0 buckler (worn)
 G - +1 swamp dragon scales (worn)
 U - a +2 pair of boots (worn)
 W - a +0 helmet (worn)
Magical Staves
 e - a staff of cold
Jewellery
 k - a ring of protection from fire (left hand)
 t - a ring of fire
 y - an amulet of reflection (around neck)
 C - a ring of magical power
 D - an amulet of guardian spirit
 S - a ring of wizardry
 V - the ring "Siexets" (right hand) {rElec rC+ Str-4 Dex+7 Stlth+}
   (You found it on level 11 of the Dungeon)

   [ring of protection from cold]

   Str:       It affects your strength (-4).
   Dex:       It affects your dexterity (+7).
   rC:        It protects you from cold.
   rElec:     It insulates you from electricity.
   Stlth:     It makes you more stealthy.
Wands
 i - a wand of polymorph (26)
 o - a wand of paralysis (12)
 p - a wand of flame (30)
 A - a wand of iceblast (15)
 H - a wand of charming (16)
 J - a wand of digging (5)
Scrolls
 z - 2 scrolls of fog
 B - a scroll of holy word
 I - 3 scrolls of fear
 K - 8 scrolls of teleportation
Potions
 f - 4 potions of curing
 g - 2 potions of berserk rage
 n - 6 potions of brilliance
 q - 2 potions of lignification
 s - a potion of cancellation
 N - 2 potions of heal wounds
 R - a potion of mutation


   Skills:
 + Level 6.0 Fighting
 + Level 8.1 Armour
 + Level 5.6 Dodging
 - Level 1.7 Stealth
 + Level 3.8 Shields
 * Level 8.8 Spellcasting
 * Level 9.3 Conjurations
 * Level 5.6 Fire Magic
 - Level 5.0 Poison Magic


You had 6 spell levels left.
You knew the following spells:

 Your Spells              Type           Power      Damage    Failure   Level
a - Magic Dart            Conj           100%       1d8       1%          1
b - Searing Ray           Conj           100%       2d8       1%          2
c - Iskenderun's Mystic   Conj/Tloc      49%        2d11      17%         4
d - Olgreb's Toxic Radia  Pois           51%        N/A       16%         4
e - Flame Wave            Conj/Fire      63%        3d11      5%          4
f - Fireball              Conj/Fire      31%        3d13      16%         5
g - Blink                 Tloc           N/A        N/A       19%         2

Your spell library contained the following spells:

 Spells                   Type           Power      Damage    Failure   Level
 Foxfire                  Conj/Fire      100%       2x1d9     1%          1
 Conjure Flame            Conj/Fire      63%        6-21      1%          3
 Static Discharge         Conj/Air       49%        N/A       2%          2
 Dazzling Flash           Conj/Hex       98%        N/A       5%          3
 Sticky Flame             Conj/Fire      63%        2d8       5%          4
 Iskenderun's Battlesphe  Conj           70%        2d12      7%          5
 Inner Flame              Hex/Fire       36%        N/A       11%         3
 Freeze                   Ice            60%        1d8       12%         1
 Fulminant Prism          Conj/Hex       24%        3d13      17%         4
 Hailstorm                Conj/Ice       49%        3d11      17%         4
 Frozen Ramparts          Ice            30%        1d5       34%         3
 Animate Armour           Summ/Erth      30%        N/A       75%         4
 Dispel Undead            Necr           15%        3d10      75%         4
 Conjure Ball Lightning   Conj/Air       24%        3x3d7     95%         6
 Iron Shot                Conj/Erth      24%        9d5       95%         6
 Blade Hands              Tmut           7%         N/A       97%         5
 Manifold Assault         Tloc           15%        N/A       97%         5
 Silence                  Hex/Air        7%         N/A       97%         5
 Orb of Destruction       Conj           35%        9d13      91%         7
 Ozocubu's Refrigeration  Ice            7%         4d6       100%        7
 Storm Form               Tmut/Air       7%         N/A       100%        7
 Ignition                 Fire           27%        3d9       100%        8
 Fire Storm               Conj/Fire      31%        8d8       100%        9


Dungeon Overview and Level Annotations

Branches:
Dungeon (13/15)            Temple (0/1) D:5            Lair (0/6) D:10
    Orc (0/2) D:12         Bailey (visited)
 Vaults: D:13-14

Shops:
D:1 :   D:5 !

Annotations:
D:13 Jorgrun


Innate Abilities, Weirdness & Mutations

Your attributes grow dramatically as you level up.
You have an increased reservoir of magic. (+10% MP)
You shall have no god before yourself.


Message History

Deactivating autopickup; reactivate with Ctrl-A.
The howler monkey hits you but does no damage.
You hear a shout!
The +6 long sword hits you. The +3 long sword hits you!
The howler monkey hoots and howls with incredible vigour!
The +6 long sword hits you.
The howler monkey hits you but does no damage.
The +3 long sword hits you! Jorgrun gestures at you while chanting.
The iron shot hits you!!!
The howler monkey completely misses you.
The +6 long sword completely misses you.
The +3 long sword hits you!
The howler monkey hits you but does no damage. x2
Jorgrun gestures at you while chanting. The iron shot hits you!!!
* * * LOW HITPOINT WARNING * * *
The +6 long sword hits you!
* * * LOW HITPOINT WARNING * * *
The +3 long sword hits you.
* * * LOW HITPOINT WARNING * * *
The howler monkey hits you but does no damage.
The +6 long sword hits you!
* * * LOW HITPOINT WARNING * * *
The +3 long sword hits you!
* * * LOW HITPOINT WARNING * * *
The shadow strikes at you from the darkness!
Reactivating autopickup.
The howler monkey hits you but does no damage.
The +6 long sword hits you!
* * * LOW HITPOINT WARNING * * *
The +3 long sword hits you but does no damage.
The howler monkey hits you but does no damage.
The howler monkey barely misses you. The shadow hits you.
The +6 long sword hits you!
* * * LOW HITPOINT WARNING * * *
The +3 long sword hits you!
* * * LOW HITPOINT WARNING * * *
The howler monkey hits you.
You die...

###########
#.........#
#.........#
#.........#
###.........#
...?........####
......hh(.......
.......@(.......
.......W........
.......g........
................
#............#.#
#...........##.#
#...........)
#..##'###...##


You could see Jorgrun, a shadow, 2 howler monkeys and 2 dancing weapons.

Vanquished Creatures
  Frances (D:12)
  A boulder beetle (D:12)
  A two-headed ogre (D:8)
  Erica (D:9)
  4 skeletal warriors
  An orc knight (Bailey)
  Pikel (D:7)
  4 lindwurms (D:11)
  An ugly thing (D:12)
  A cyclops (D:12)
  Psyche (D:12)
  Maggie (D:6)
  6 trolls (D:10)
  A hornet (D:10)
  A vampire (D:11)
  13 yaks
  2 wraiths (D:12)
  A golden eye (shapeshifter) (D:12)
  2 wargs (D:10)
  6 vampire mosquitoes (D:12)
  4 water moccasins (D:8)
  18 orc warriors
  An ice beast (D:5)
  3 black bears
  2 ogres
  A phantom (D:6)
  A centaur (D:7)
  6 kobold brigands
  Blork the orc (D:6)
  3 gnoll sergeants
  2 bullfrogs (D:8)
  2 scorpions
  2 water moccasin skeletons
  5 killer bees (D:10)
  8 wights
  A howler monkey (D:5)
  An electric eel (D:8)
  6 centaur zombies
  A bullfrog zombie (D:6)
  2 jellies
  Crazy Yiuf (D:2)
  3 gnoll shamans
  2 bullfrog skeletons
  A centaur skeleton (D:6)
  5 hounds
  4 orc priests
  Ijyb (D:4)
  Terence (D:2)
  2 iguanas (D:6)
  6 orc wizards
  2 howler monkey zombies (D:9)
  19 gnolls
  A howler monkey skeleton (D:7)
  3 adders
  A shadow imp (D:7)
  A white imp (D:7)
  A worm (D:2)
  30 orcs
  6 ball pythons
  9 bats
  8 endoplasms
  10 goblins
  2 hobgoblins
  2 quokkas
  7 frilled lizards
  33 kobolds
  A rat (D:1)
282 creatures vanquished.

Notes
Turn   | Place    | Note
-------+----------+-------------------------------------------
     0 | D:1      | bjtr the Demigod Conjurer began the quest for the Orb.
     0 | D:1      | Reached XP level 1. HP: 14/14 MP: 5/5
   477 | D:1      | Found Fuydd's Book Boutique.
   539 | D:1      | Reached skill level 4 in Conjurations
   672 | D:1      | Reached XP level 2. HP: 20/20 MP: 7/7
   675 | D:1      | Learned a level 2 spell: Searing Ray
   960 | D:2      | Found a runed translucent door.
   961 | D:2      | Noticed Crazy Yiuf
  1177 | D:2      | Noticed Terence
  1202 | D:2      | Killed Terence
  1203 | D:2      | Reached XP level 3. HP: 17/26 MP: 0/8
  1832 | D:2      | Killed Crazy Yiuf
  2070 | D:3      | Reached XP level 4. HP: 33/33 MP: 6/9
  2203 | D:3      | Reached skill level 5 in Conjurations
  2801 | D:3      | You fall into a shaft and drop 2 floors!
  2801 | D:5      | Entered Level 5 of the Dungeon
  2820 | D:5      | Reached skill level 1 in Shields
  2830 | D:5      | Noticed an ice beast
  2869 | D:5      | Reached skill level 1 in Armour
  2921 | D:5      | Reached XP level 5. HP: 37/39 MP: 6/11
  3508 | D:4      | Noticed a black bear
  3525 | D:4      | Killed a black bear
  3691 | D:4      | Noticed Ijyb
  3699 | D:4      | Killed Ijyb
  3920 | D:4      | Noticed an ogre
  3932 | D:4      | Killed an ogre
  3933 | D:4      | Reached skill level 1 in Fighting
  3933 | D:4      | Reached XP level 6. HP: 47/47 MP: 6/13
  4875 | D:5      | Found Rifasiof's Distillery.
  4883 | D:5      | Bought a potion of heal wounds for 50 gold pieces
  4883 | D:5      | Bought a potion of heal wounds for 50 gold pieces
  5010 | D:5      | Reached XP level 7. HP: 52/52 MP: 3/15
  5205 | D:5      | Identified a scroll of acquirement
  5205 | D:5      | Acquired the +8 Vampire's Tooth {vamp}
  5205 | D:5      | Found the +8 Vampire's Tooth {vamp}
  5455 | D:5      | Found a staircase to the Ecumenical Temple.
  5566 | D:5      | Identified the +1 long sword "Yreisk" {freeze, rF+}
  5831 | D:6      | Noticed Maggie
  5859 | D:6      | Killed Maggie
  5860 | D:6      | Reached skill level 6 in Conjurations
  5995 | D:6      | Reached XP level 8. HP: 61/61 MP: 1/17
  6638 | D:6      | Reached skill level 5 in Armour
  6711 | D:6      | Noticed Blork the orc
  6720 | D:6      | Killed Blork the orc
  7143 | D:7      | Reached skill level 1 in Poison Magic
  7555 | D:7      | Reached XP level 9. HP: 68/70 MP: 19/19
  7560 | D:7      | Learned a level 4 spell: Iskenderun's Mystic Blast
  7565 | D:7      | Learned a level 4 spell: Olgreb's Toxic Radiance
  7576 | D:7      | Noticed Pikel
  7584 | D:7      | Killed Pikel
  7585 | D:7      | Reached skill level 5 in Spellcasting
  7978 | D:7      | Got the Reference Book on Heat and Bewitchment
  8068 | D:8      | Reached skill level 7 in Conjurations
  8075 | D:8      | Identified the +4 trident "Fuxa" {elec, Drain rElec rN+
                  | Int+3}
  8451 | D:8      | Acquired a book of Flames
  8458 | D:8      | Learned a level 4 spell: Flame Wave
  8514 | D:8      | Noticed a two-headed ogre
  8537 | D:8      | Killed a two-headed ogre
  8538 | D:8      | Reached skill level 1 in Fire Magic
  9238 | D:9      | Found a flagged portal.
  9255 | D:9      | Reached XP level 10. HP: 51/80 MP: 15/21
  9378 | Bailey   | Entered a bailey
  9581 | Bailey   | Reached skill level 5 in Fighting
 10650 | Bailey   | Learned a level 5 spell: Fireball
 10762 | Bailey   | Noticed an orc knight
 10791 | Bailey   | Killed an orc knight
 11664 | D:9      | Noticed Erica
 11682 | D:9      | Killed Erica
 11997 | D:10     | Entered Level 10 of the Dungeon
 12019 | D:10     | Reached skill level 8 in Conjurations
 12342 | D:10     | Reached XP level 11. HP: 59/88 MP: 18/25
 12802 | D:10     | Found a staircase to the Lair.
 13091 | D:10     | Reached skill level 5 in Dodging
 13575 | D:10     | HP: 1/89 [troll (10)]
 14447 | D:11     | Noticed a lindwurm
 14448 | D:11     | Noticed a lindwurm
 14451 | D:11     | Noticed a lindwurm
 14480 | D:11     | Killed a lindwurm
 14480 | D:11     | Killed a lindwurm
 14481 | D:11     | Reached skill level 5 in Poison Magic
 14493 | D:11     | Noticed a lindwurm
 14514 | D:11     | Killed a lindwurm
 14618 | D:11     | Killed a lindwurm
 14640 | D:11     | Identified the ring "Siexets" {rElec rC+ Str-4 Dex+7
                  | Stlth+}
 15076 | D:12     | Noticed Frances
 15087 | D:12     | Killed Frances
 15407 | D:12     | Found a staircase to the Orcish Mines.
 15496 | D:12     | Reached skill level 5 in Fire Magic
 15728 | D:12     | Noticed Psyche
 15740 | D:12     | Killed Psyche
 15811 | D:12     | Noticed a skeletal warrior
 15811 | D:12     | Noticed a skeletal warrior
 15812 | D:12     | Noticed a skeletal warrior
 15813 | D:12     | Noticed a skeletal warrior
 15846 | D:12     | Killed a skeletal warrior
 17914 | D:11     | Killed a skeletal warrior
 17915 | D:11     | Reached skill level 9 in Conjurations
 18136 | D:12     | Killed a skeletal warrior
 18137 | D:12     | Reached XP level 12. HP: 51/95 MP: 10/29
 18740 | D:12     | Noticed a boulder beetle
 18752 | D:12     | Killed a boulder beetle
 18840 | D:12     | Learned a level 2 spell: Blink
 19019 | D:13     | Noticed Jorgrun
 19026 | D:13     | HP: 4/96 [+6 long sword (4)]
 19026 | D:13     | HP: 1/96 [+3 long sword (3)]
 19027 | D:13     | Slain by a howler monkey

Illustrated notes

Levels and vault maps discovered:
D:1:      dpeg_arrival_boxes_within_box, layout_loops_ring, serial_shops, shop
D:2:      layout_loops_corners, hellmonk_ecumenical_altar_lost_god,
          uniq_terence, uniq_crazy_yiuf_cottage
D:3:      layout_loops_ring, minmay_goblin_outpost
D:4:      layout_layer_cave, general_overflow_altar, chequers_avenue, uniq_ijyb
D:5:      layout_cave_pods, minmay_temple_entry_fiery, serial_shops,
          nicolae_stop_n_shop_1, hex_medium, nrook_mini_vaults, roderic_batcave
D:6:      layout_rooms, lemuel_crystal_altar, kennysheep_potato, uniq_maggie,
          uniq_blork_the_orc
D:7:      layout_cave_pools, kennysheep_flooded_box, uniq_pikel
D:8:      cheibrodos_helix_gallery, layout_basic
D:9:      layout_cave_pods, enter_bailey_6, grunt_decor_fettered,
          minmay_misc_feat_pillars, uniq_erica
D:10:     layout_cave_pods, mainiacjoe_overflow_paths, led_sif_pool,
          erik_lair_orcish_takeover, small_statue_alley_a
D:11:     layout_rooms, minmay_lindwurm_lava
D:12:     layout_irregular_city, orc_0_dummy, moated_statue, uniq_frances,
          uniq_psyche
D:13:     layout_irregular_city, erik_vaults_1, minmay_misc_feat_hallway,
          skrybe_limestone_x, uniq_maurice, uniq_jorgrun

Skill      XL: |  1  2  3  4  5  6  7  8  9 10 11 12 |
---------------+-------------------------------------+-----
Conjurations   | 4 5 6 7 8 9 |  9.3
Spellcasting   | 2 3 4 5 6 8 |  8.8
Shields        | 1 2 3 |  3.8
Armour         | 1 2 4 5 6 7 8 |  8.1
Dodging        | 2 3 4 5 |  5.6
Fighting       | 1 2 3 4 5 6 |  6.0
Poison Magic   | 1 3 4 5 |  5.0
Fire Magic     | 1 3 5 |  5.6
Stealth        | |  1.7

Action                   |  1- 3 |  4- 6 |  7- 9 | 10-12 || total
-------------------------+-------+-------+-------+-------++-------
Melee: Club              |     3 |       |       |       ||     3
       Quarterstaff      |     4 |    52 |       |       ||    56
       Short sword       |     4 |       |       |       ||     4
       Quick blade       |       |       |   180 |   331 ||   511
       Unarmed           |       |       |    15 |       ||    15
       Scimitar          |       |       |       |     4 ||     4
 Fire: Hand crossbow     |       |       |       |    21 ||    21
 Cast: Magic Dart        |    17 |       |       |     2 ||    19
       Searing Ray       |     7 |    17 |    38 |    14 ||    76
       Flame Wave        |       |       |     4 |    19 ||    23
       Olgreb's Toxic Ra |       |       |       |    31 ||    31
       Iskenderun's Myst |       |       |       |    14 ||    14
       Fireball          |       |       |       |    24 ||    24
Evoke: Wand              |       |       |     1 |     1 ||     2
  Use: Scroll            |       |    10 |    10 |    12 ||    32
       Potion            |       |     1 |     2 |     8 ||    11
 Stab: Sleeping          |     1 |     1 |     2 |     1 ||     5
       Confused          |       |       |     4 |       ||     4
       Invisible         |       |       |       |     2 ||     2
Armor: Leather armour    |     3 |    33 |     4 |       ||    40
       Swamp dragon scal |       |       |   107 |   234 ||   341
Dodge: Dodged            |     5 |    53 |   134 |   248 ||   440
Block: Other             |       |     1 |    61 |    53 ||   115
       Reflection        |       |       |       |     9 ||     9
       Buckler           |       |       |       |   103 ||   103

Table legend: (Time is in decaauts)
 A = Elapsed time spent in this place.
 B = Non-inter-level travel time spent in this place.
 C = Inter-level travel time spent in this place.
 D = Time resting spent in this place.
 E = Time spent auto-exploring this place.
 F = Levels seen in this place.
 G = Mean time per level.
                   A        B        C        D        E       F      G
               +--------+--------+--------+--------+--------+-----+--------+
         Total |  18874 |  18361 |    513 |   7089 |   7756 |  14 | 1348.1 |
       Dungeon |  17295 |  16782 |    513 |   6069 |   7502 |  13 | 1330.4 |
        Bailey |   1578 |   1578 |      0 |   1020 |    254 |   1 | 1578.0 |
               +--------+--------+--------+--------+--------+-----+--------+

Top non-repeatable levels by time:
    D:11: 2890 daAuts
    D:10: 2008 daAuts
    D:12: 1803 daAuts
  Bailey: 1578 daAuts
     D:4: 1492 daAuts
     D:9: 1491 daAuts
     D:3: 1273 daAuts
     D:6: 1204 daAuts
     D:2: 1170 daAuts
     D:5: 1149 daAuts
     D:8: 1096 daAuts
     D:7: 950 daAuts
     D:1: 751 daAuts
    D:13: 13 daAuts
